[Event "85th Armenian Mens-ch 2024"]
[Site "Yerevan"]
[Date "2024.11.26"]
[Round "3.1"]
[White "Sahakyan, Aleks"]
[Black "Sargsyan, Sargis Vach."]
[Result "0-1"]
[Annotator "TA"]
[ECO "D73"]
[WhiteElo "2380"]
[BlackElo "2321"]
[PlyCount "112"]
[EventDate "2024.11.24"]
[EventCountry "ARM"]
[SourceTitle "playchess.com"]
[Source "ChessBase"]
[SourceQuality "1"]
[TimeControl "40/5400+30:1800+30"]

1. Nf3 d5 2. g3 g6 3. Bg2 Bg7 4. d4 Nf6 5. c4 c6 6. O-O O-O 7. a4 dxc4 8. a5 {[%emt 0:00:04] D73: Fianchetto Grünfeld: 5 Nf3 .} Ne4 9. Nc3 Nd6 10. h3 $146 ({Predecessor:} 10. Ne5 Be6 11. a6 Nxa6 12. Nxc6 Qc7 13. Bg5 Rae8 14. Nxa7 Qb6 15. d5 Bd7 16. Be3 Qxb2 {0-1 Bakhrillaev,B (2325)-Finek,V (2429) Titled Tuesday intern op 06th Feb Early blitz 2024 (4)}) 10... Na6 11. e4 Nb4 12. Be3 Nd3 13. Qd2 f5 14. e5 f4 15. gxf4 Nb5 16. Ne2 Bf5 17. Ra4 Be4 18. Ng3 Bxf3 19. Bxf3 Nxd4 20. Bg2 Ne6 $1 (20... Nb3 $2 21. Qc3 Nxa5 22. Rxa5 (22. Qxa5 Qxa5 23. Rxa5 Nxf4 $18) 22... Nxf4 23. Qxc4+ (23. Bxa7 b5 $11) 23... e6 24. b4 $18 (24. Rxa7 Rxa7 25. Bxa7 Bxe5 $18)) 21. Rxc4 Ndxf4 $1 22. Rxf4 Nxf4 23. Bxf4 Qxd2 24. Bxd2 Bxe5 25. Ne4 Rad8 26. Bg5 Rf7 27. Be3 Bxb2 28. Rb1 Bd4 29. Bxd4 Rxd4 30. Rxb7 e5 31. a6 Ra4 $1 32. Nd6 (32. Rb8+ Rf8 33. Rb2 Rxa6 $14) 32... Rf6 33. Ne8 (33. Bxc6 Ra1+ (33... Rxa6 $2 34. Rb8+ Rf8 35. Bd5+ Kg7 36. Rb7+ Kh6 37. Nf7+ Kg7 38. Nxe5+ Kh8 39. Nf7+ Kg7 40. Ng5+ Kh6 41. Nf7+ Kg7 42. f4 $18) 34. Kg2 Rxd6 $19) 33... Ra1+ 34. Bf1 Rf5 35. Rxa7 ({White should try} 35. Kg2 $11 Rg5+ (35... Kf8 $2 36. Ng7 $16) 36. Kh2) 35... e4 $15 (35... Kf8 $2 36. Nd6 (36. Nc7 Kg7 $16) 36... Rg5+ 37. Kh2 Rxf1 38. Rf7+ Kg8 39. a7 $18) 36. Ra8 (36. Kg2 $15 e3 (36... Rg5+ 37. Kh2 $11) (36... Kf8 $2 37. Ng7 $18) 37. Bc4+ Kf8 38. fxe3 Kxe8 39. Rxh7) 36... Rg5+ $19 37. Kh2 Rxf1 38. Nd6+ Kg7 39. Ra7+ {[%emt 0:00:12] [#]} Kf8 $1 40. Ra8+ (40. Nxe4 $142 Re5 41. Rxh7) 40... Ke7 $19 41. Nxe4 Re5 42. a7 {[%emt 0:01:24] [#]} Ra1 $1 (42... Rxe4 43. Re8+ Kf7 (43... Kxe8 44. a8=Q+ Kd7 45. Qb7+ Kd6 46. Qb8+ Ke7 47. Qc7+ Kf8 48. Kg2 $11) 44. a8=Q $11 (44. a8=B $2 Rxf2+ 45. Kg3 Rxe8 $19)) 43. f3 Rea5 44. Rc8 Kd7 (44... Rxa7 45. Rxc6 Rb7 46. h4 $17) 45. Rh8 h5 ({Much less strong is} 45... Rxa7 46. Rxh7+ Ke6 47. Rh8 $19) 46. Rh7+ Ke6 47. Rg7 (47. Rh8 $142) 47... h4 $19 (47... Rxa7 48. Rxg6+ Kd7 49. Rh6 $19) 48. Rxg6+ Kf7 49. Rg2 Rxa7 50. Ng5+ Kf6 51. Ne4+ Ke5 52. Rg5+ Kd4 (52... Kf4 $142 53. Rg2 R7a2 (53... Kxf3 $2 54. Nd2+ Kf4 55. Rg4+ Kf5 56. Rxh4 $19)) 53. Kg2 R7a2+ 54. Nf2 Re2 55. Rg4+ Kc5 56. Re4 Rxe4 0-1

[Event "85th Armenian Mens-ch 2024"]
[Site "Yerevan"]
[Date "2024.11.26"]
[Round "3.2"]
[White "Shahinyan, Vladimir"]
[Black "Babujian, Levon"]
[Result "1-0"]
[Annotator "TA"]
[ECO "C45"]
[WhiteElo "2161"]
[BlackElo "2330"]
[PlyCount "91"]
[EventDate "2024.11.24"]
[EventCountry "ARM"]
[SourceTitle "playchess.com"]
[Source "ChessBase"]
[SourceQuality "1"]
[TimeControl "40/5400+30:1800+30"]

1. e4 e5 2. Nf3 Nc6 3. d4 exd4 4. Nxd4 Qf6 5. Nxc6 dxc6 (5... Bc5 $5 6. Qf3 dxc6 $11) 6. Nc3 Be6 7. Be3 Bb4 8. Qd4 {[%emt 0:04:34] White is slightly better.} c5 9. Qxf6 Nxf6 10. f3 Bxc3+ 11. bxc3 b6 12. Ba6 Ke7 13. Bf4 Ne8 14. e5 h6 15. h4 Rd8 16. h5 c6 17. Bb7 Bd7 (17... Bd5 $11 {keeps the balance.}) 18. O-O-O $16 Nc7 {[%emt 0:01:37] [#]} 19. Bg3 {[%emt 0:00:36] White has more active pieces.} ({White should try} 19. e6 $1 $16 Nxe6 20. Bd6+ Kf6 21. g4) 19... Rb8 $1 $14 {[%emt 0:09:50][%cal Bd8b8,Bb8b7,Bb7d7][%mdl 32] [#]} 20. e6 $1 fxe6 {[%emt 0:01:14] Black is weak on the dark squares} 21. Bxc7 {[%emt 0:01:45] Bd6+ is the strong threat.} Rxb7 22. Be5 Rg8 23. Rh4 Be8 24. Bd6+ Kd8 25. Bxc5+ Rd7 26. Bd6 c5 27. g4 Kc8 28. f4 g6 29. hxg6 Rxg6 30. Rd2 Rdg7 31. Be5 Rg8 {[%emt 0:01:41][%mdl 8192] [#] Black is now going downhill.} (31... Rxg4 $11 {and Black is okay.} 32. Rxh6 Rd7 33. Rxd7 (33. Rxe6 Rg1+ 34. Kb2 Rxd2 $17) 33... Bxd7) 32. g5 $1 $18 h5 33. Rxh5 Kb7 $2 (33... R6g7) 34. Rh7+ Ka6 35. c4 Ba4 36. Rd3 {[%emt 0:02:14] And now Ra3 would win.} Ra8 37. Ra3 b5 38. Rh6 Rag8 39. Rah3 bxc4 40. Ra3 Kb5 41. Rh7 a5 (41... a6 $142 42. Re3 (42. Rc3 Rf8 $18) 42... Kb6) 42. Bc3 {[%emt 0:03:57] Threatens to win with Kb2.} Rb8 $2 (42... Rf8 43. Rb7+ Kc6) 43. Rh6 {[%emt 0:01:37] White is clearly winning.} Rbg8 44. Kb2 Rxh6 45. gxh6 {[%emt 0:00:06] h7 would now be deadly.} Rg2 {[%emt 0:00:14] [#]} 46. Rxa4 $1 {[%emt 0:00:25][%mdl 512] Weighted Error Value: White=0.23 (precise) /Black=0.51.  Loses game:     	---       	Black=1      Mistake:       	White=1     	Black=4      Inaccurate:     	White=3     	Black=2      OK:         	White=7     	Black=13     Best:        	White=3     	Black=4      Strong:       	---       	Black=1      Brilliant:      	White=2     	---} 1-0

[Event "85th Armenian Mens-ch 2024"]
[Site "Yerevan"]
[Date "2024.11.26"]
[Round "3.3"]
[White "Pogosyan, Stefan"]
[Black "Agasarov, Benik"]
[Result "0-1"]
[Annotator "TA"]
[ECO "E03"]
[WhiteElo "2407"]
[BlackElo "2410"]
[PlyCount "148"]
[EventDate "2024.11.24"]
[EventCountry "ARM"]
[SourceTitle "playchess.com"]
[Source "ChessBase"]
[SourceQuality "1"]
[TimeControl "40/5400+30:1800+30"]

1. Nf3 d5 2. c4 e6 3. g3 dxc4 4. Qa4+ Nd7 5. Qxc4 a6 6. d4 b5 7. Qd3 Bb7 8. Bg2 Ngf6 9. a4 c5 10. axb5 c4 11. Qc2 Be4 12. Qd2 axb5 13. Rxa8 Bxa8 14. O-O b4 15. Ne5 Bxg2 16. Kxg2 Nb6 17. Qc2 Qxd4 18. Bf4 Nfd5 19. e3 b3 20. Qe2 Qe4+ 21. f3 Qc2 22. Qxc2 bxc2 23. Nd2 c3 24. bxc3 Ba3 25. Nd3 Nxc3 26. Ra1 Nb5 27. Ra2 c1=Q (27... c1=N 28. Nxc1 $15) 28. Nxc1 Bxc1 29. Nc4 $2 (29. Ra6 $1 $11 {and White is okay.} Nd5 30. Nb3) 29... Nxc4 $19 30. Ra8+ Kd7 31. Rxh8 e5 (31... Bxe3 32. Bxe3 Nxe3+ 33. Kf2 $15) (31... Nxe3+ 32. Kh1 $17) 32. Bxe5 Nxe5 33. Rxh7 Nd6 (33... Bxe3 34. Rxg7 Nd6 35. Rg8 $19) 34. Rxg7 Bxe3 35. h4 (35. f4 $142 Nec4 36. Rg8) 35... Ke7 $19 36. Rg8 Ne8 37. h5 $2 (37. f4 {is the only way for White.} Ng6 38. Kh2) 37... Bh6 $19 38. f4 Nd7 39. Rg4 Ng7 40. Rh4 Ne6 41. Rh1 f5 42. Ra1 Ng7 43. Kf3 Nf6 (43... Nxh5 $2 44. g4 $19) 44. Ra7+ Kf8 45. Ra8+ Kf7 46. Ra7+ Kg8 47. Ra8+ Kh7 48. Ra7 Kg8 49. Ra8+ $1 Nge8 50. Kg2 Kf7 51. Ra6 Bf8 52. Kh3 Kg7 (52... Nxh5 $2 53. Ra5 $19) 53. Ra5 Nd6 (53... Nxh5 54. Rxf5 Nhf6 55. Ra5 $19) 54. Ra7+ (54. Kh4 $142) 54... Kh6 $19 55. Kh4 Nde8 (55... Nde4 $142 56. Ra5 Bc5 (56... Nxh5 57. Rxf5 Be7+ 58. Kg4 $17)) 56. Rb7 Bd6 (56... Nxh5 57. Rf7 $17) 57. Rb6 Be7 58. Re6 Bd6 59. Re3 Ng7 60. Rd3 Be7 61. Re3 Bf8 (61... Nfxh5+ 62. Rxe7 Nf6 63. Rb7 $17) 62. Re5 Bd6 (62... Bb4 $142 63. Re2 Ngxh5 (63... Nfxh5 $2 64. Kh3 $19)) 63. Ra5 Be7 (63... Ngxh5 $2 64. Rxf5 Be7 65. Kh3 $17) (63... Bb4 $142 64. Ra6 Ngxh5) 64. Ra7 (64. Kh3 $142) 64... Bc5 (64... Nfxh5+ 65. Rxe7 Nf6 66. Ra7 $15) (64... Bb4 $142 65. Rxg7 Kxg7) 65. Ra6 $19 Be7 (65... Ngxh5 $142 66. Ra5 Ne4 67. Ra6+ Nhf6) 66. Ra7 $19 Bb4 ({Less strong is} 66... Nfxh5+ 67. Rxe7 Nf6 68. Rb7 $17) 67. Ra4 Be1 68. Ra1 Bf2 69. Ra2 Ne4 70. Ra6+ Kh7 71. Rg6 Bxg3+ 72. Rxg3 Nxg3 73. Kxg3 Nxh5+ 74. Kh4 Kg6 $2 ({Stronger than} 74... Nxf4 75. Kg5 $11) (74... Kh6 {mates} 75. Kh3 Nxf4+ 76. Kh2 Kh5 77. Kg3 Ne6 78. Kg2 Kg4 79. Kg1 Kg3 80. Kf1 f4 81. Ke2 f3+ 82. Ke1 Kg2 83. Kd1 f2 84. Kd2 f1=Q (84... f1=R $2 85. Kc3 $19) 85. Kc3 Qb5 86. Kc2 Qc4+ 87. Kb2 Nd4 88. Ka1 Qg8 89. Kb1 Qb3+ 90. Kc1 Qc2#) 0-1

[Event "85th Armenian Mens-ch 2024"]
[Site "Yerevan"]
[Date "2024.11.26"]
[Round "3.5"]
[White "Hakobyan, Erik"]
[Black "Gharibyan, Mamikon"]
[Result "1/2-1/2"]
[Annotator "TA"]
[ECO "C45"]
[WhiteElo "2409"]
[BlackElo "2462"]
[PlyCount "51"]
[EventDate "2024.11.24"]
[EventCountry "ARM"]
[SourceTitle "playchess.com"]
[Source "ChessBase"]
[SourceQuality "1"]
[TimeControl "40/5400+30:1800+30"]

1. e4 e5 2. Nf3 Nc6 3. d4 exd4 4. Nxd4 Qf6 5. Nf3 Bb4+ 6. c3 Bc5 7. Be2 Nge7 8. O-O {[%emt 0:00:58] White has an edge.} d6 9. b4 Bb6 10. Nbd2 h6 11. Qc2 O-O 12. Bb2 Ng6 13. c4 Nd4 ({But not} 13... Nxb4 $6 14. Qb3 Qe6 15. Qxb4 $18) 14. Nxd4 Bxd4 15. Bxd4 Qxd4 16. Rad1 Nf4 17. Rfe1 Nxe2+ 18. Rxe2 Bg4 19. Nf3 $1 Qb6 20. Qc3 a5 21. b5 Rae8 22. Rd5 Be6 23. Rh5 Bg4 24. Rd5 Be6 25. Rh5 Bg4 26. Rd5 {[%emt 0:01:49] Not much happened in this game.   Weighted Error Value: White=0.06 (flawless) /Black=0.06 (flawless) .  Inaccurate:     	White=2     	Black=2      OK:         	White=8     	Black=8      Strong:       	White=1     	---} 1/2-1/2

[Event "85th Armenian Mens-ch 2024"]
[Site "Yerevan"]
[Date "2024.11.26"]
[Round "3.6"]
[White "Piliposyan, Robert"]
[Black "Gasparyan, Erik R."]
[Result "1/2-1/2"]
[Annotator "TA"]
[ECO "D45"]
[WhiteElo "2418"]
[BlackElo "2371"]
[PlyCount "61"]
[EventDate "2024.11.24"]
[EventCountry "ARM"]
[SourceTitle "playchess.com"]
[Source "ChessBase"]
[SourceQuality "1"]
[TimeControl "40/5400+30:1800+30"]

1. c4 c6 2. d4 d5 3. Nf3 Nf6 4. Nc3 e6 5. e3 Nbd7 6. Qc2 Bd6 7. Be2 O-O 8. O-O Qe7 9. c5 Bc7 10. e4 dxe4 11. Nxe4 Nxe4 12. Qxe4 e5 13. Bg5 Nf6 $1 14. Bxf6 ({Much worse is} 14. Nxe5 Nxe4 15. Bxe7 Re8 $15) ({Don't play} 14. dxe5 Re8 15. Qb4 (15. exf6 $2 {perishes.} Qxe4 16. Be3 Qg6 $19) 15... Bxe5 $14) 14... gxf6 15. Nh4 Qe6 16. Bd3 f5 $1 17. Nxf5 Qxf5 18. Qxf5 Bxf5 19. Bxf5 exd4 20. Rad1 Rad8 21. Rfe1 Rfe8 {[%emt 0:04:28] Prevents Re7.} 22. Rxe8+ Rxe8 $11 {[%emt 0:00:16][%mdl 4096] Endgame KRB-KRB} 23. b4 a5 24. g4 Rd8 25. a3 axb4 26. axb4 d3 27. Rxd3 Rxd3 28. Bxd3 Be5 29. Be4 Bc3 {[%emt 0:00:38] [#]} 30. b5 $1 Bd4 (30... cxb5 31. Bxb7) 31. bxc6 1/2-1/2